 Dungeon Crawl Stone Soup version 0.30.0-29-ga12c61a403 (webtiles) character file.

Game seed: 8404489695407745484

535 boopmooplesden the Poker (level 7, -2/56 (60) HPs)
             Began as a Red Draconian Berserker on June 23, 2023.
             Was a Priest of Trog.
             Slain by a kobold
             ... wielding a +0 dagger
              (3 damage)
             ... on level 5 of the Dungeon.
             The game lasted 00:04:27 (2659 turns).

boopmooplesden the Poker (Red Draconian Berserker)  Turns: 2659, Time: 00:04:27

HP:   -2/56 (60)    AC:  8    Str: 22    XL:     7   Next: 4%
MP:   7/7           EV: 13    Int:  7    God:    Trog [***...]
Gold: 148           SH:  0    Dex: 10    Spells: 6/6 levels left

rFire   + + .        a - +0 spear
rCold   x . .        (no shield)
rNeg    . . .        (body armour unavailable)
rPois   .            (helmet restricted)
rElec   .            (no cloak)
rCorr   .            (no gloves)
SInv    .            q - +1 pair of boots {Fly}
Will    .....        (no amulet)
Stlth   ++           d - ring of fire
HPRegen 0.29/turn    (no ring)
MPRegen 0.10/turn

%: no passive effects
@: on berserk cooldown, flying, slowed, drained, very slow
A: breathe fire, AC +6, unfitting armour, fire resistance 1, cold-blooded
a: Breathe Fire, Renounce Religion, Berserk, Trog's Hand


You were on level 5 of the Dungeon.
You worshipped Trog.
Trog was most pleased with you.
You visited 1 branch of the dungeon, and saw 5 of its levels.

You collected 148 gold pieces.

Inventory:

Hand Weapons
 a - a +0 spear (weapon)
Missiles
 g - a throwing net (quivered)
 s - 6 boomerangs
Armour
 q - a +1 pair of boots of flying (worn)
Jewellery
 d - a ring of fire (left hand)
 e - a ring of willpower
 i - a +6 ring of dexterity
 k - a ring of poison resistance
Scrolls
 b - 2 scrolls of noise
 l - 4 scrolls of identify
 n - 2 scrolls of blinking {unknown}
 o - a scroll of teleportation
Potions
 c - 3 potions of attraction
 f - a potion of invisibility {unknown}
 h - 5 potions of curing {unknown}
 j - a potion of mutation {unknown}
 m - a potion of resistance {unknown}
 p - a potion of flight {unknown}
 r - 2 potions of berserk rage {unknown}
 t - a potion of might {unknown}


   Skills:
 + Level 4.8 Fighting
 + Level 5.5 Polearms
 + Level 4.8 Dodging
 + Level 1.5 Stealth


You had 6 spell levels left.
You didn't know any spells.
Your spell library was empty.

Dungeon Overview and Level Annotations

Branches:
Dungeon (4/15)             Temple (0/1) D:4

Altars:
Cheibriados
Vehumet

Shops:
D:3 [


Innate Abilities, Weirdness & Mutations

You can breathe blasts of fire.
Your fiery red scales are hard. (AC +6)
You cannot fit into any form of body armour.
Your flesh is heat resistant. (rF+)
You are cold-blooded and may be slowed by cold attacks.


Message History

You hit the kobold brigand.
The kobold brigand is lightly wounded.
The kobold hits you but does no damage. The kobold brigand barely misses you.
You hit the kobold brigand.
The kobold brigand is moderately wounded.
The kobold brigand hits you but does no damage.
The kobold hits you but does no damage.
You closely miss the kobold brigand.
The kobold brigand is moderately wounded.
The kobold brigand hits you with a +0 short sword.
* * * LOW HITPOINT WARNING * * *
The kobold hits you but does no damage.
You puncture the kobold brigand! You tail-slap the kobold brigand.
The kobold brigand is severely wounded.
The kobold brigand barely misses you. The kobold barely misses you.
You closely miss the kobold brigand.
The kobold brigand is severely wounded.
The kobold brigand hits you with a +0 short sword!
* * * LOW HITPOINT WARNING * * *
The kobold hits you but does no damage. The kobold brigand misses you.
The kobold hits you but does no damage.
You hit the kobold brigand.
The kobold brigand is severely wounded.
The kobold hits you but does no damage.
The kobold brigand hits you but does no damage.
You hit the kobold brigand but do no damage.
The kobold brigand is severely wounded.
The kobold brigand hits you with a +0 short sword!
* * * LOW HITPOINT WARNING * * *
The kobold hits you but does no damage.
You hit the kobold brigand but do no damage.
The kobold brigand is severely wounded.
The kobold brigand hits you but does no damage.
The kobold hits you but does no damage.
Unknown command.
You miss the kobold brigand.
Your tail-slap misses the kobold brigand.
The kobold brigand is severely wounded.
The kobold brigand closely misses you. The kobold hits you with a +0 dagger.
You die...

....................
.....................
...# #............. #
#.###........# .. .#.##
#.....†).(.#.. ##.
.....##..##......# ..#..
.........##..##..# ...
.........##.###.#######.
.......@..#.......##....
......K)K##...##..##....
.......)..#....#..###..#
......................##
.........:.......##.###
.............###.......#
.#...........##..#....##
##.............###...##
......$.##.... #.....


You could see a kobold brigand and a kobold.

Vanquished Creatures
  2 ogres
  A phantom (D:3)
  An orc priest (D:5)
  3 hounds
  A sleepcap (D:5)
  An orc wizard (D:4)
  Robin (D:2)
  2 adders
  An ufetubus (D:4)
  A worm (D:3)
  4 dart slugs
  6 orcs
  3 bats (D:2)
  4 endoplasms
  A giant cockroach (D:1)
  14 goblins
  4 hobgoblins
  3 jackals (D:3)
  2 quokkas (D:1)
  6 ball pythons
  2 frilled lizards (D:1)
  11 kobolds
  2 rats (D:1)
76 creatures vanquished.

Notes
Turn   | Place    | Note
-------+----------+-------------------------------------------
     0 | D:1      | boopmooplesden the Draconian Berserker began the quest for
                  | the Orb.
     0 | D:1      | Reached XP level 1. HP: 19/19 MP: 1/1
   129 | D:1      | Reached XP level 2. HP: 26/26 MP: 2/2
   305 | D:1      | Found a faded altar of an unknown god.
   685 | D:2      | Reached XP level 3. HP: 33/33 MP: 3/3
   730 | D:2      | Reached ** piety under Trog
   877 | D:2      | Noticed Robin
   892 | D:2      | Killed Robin
  1380 | D:3      | Found Miferph's Armour Shoppe.
  1429 | D:3      | Reached XP level 4. HP: 39/40 MP: 4/4
  1454 | D:3      | Found a radiant altar of Vehumet.
  1664 | D:3      | Noticed a phantom
  1683 | D:3      | Killed a phantom
  1684 | D:3      | Reached skill level 4 in Polearms
  1684 | D:3      | Reached XP level 5. HP: 37/46 MP: 5/5
  1938 | D:4      | Noticed an ogre
  1948 | D:4      | Killed an ogre
  1949 | D:4      | Reached skill level 1 in Stealth
  1956 | D:4      | Reached XP level 6. HP: 53/53 MP: 6/6
  2312 | D:4      | Found a staircase to the Ecumenical Temple.
  2525 | D:4      | You are sucked into a shaft and drop 1 floor!
  2525 | D:5      | Entered Level 5 of the Dungeon
  2527 | D:5      | Found a snail-covered altar of Cheibriados.
  2559 | D:5      | Reached skill level 5 in Polearms
  2638 | D:5      | Reached *** piety under Trog
  2639 | D:5      | Your scales start taking on a fiery red colour.
  2639 | D:5      | Reached XP level 7. HP: 51/58 MP: 7/7
  2639 | D:5      | Gained mutation: Your flesh is heat resistant. (rF+) [Red
                  | Draconian growth]
  2657 | D:5      | HP: 1/56 [kobold brigand/+0 short sword (7)]
  2659 | D:5      | Slain by a kobold

Illustrated notes

Levels and vault maps discovered:
D:1:      dpeg_arrival_round_c, layout_rooms,
          shapermc_ecumenical_altar_totnotflames, minmay_tromino_i2
D:2:      layout_loops_ring, uniq_robin
D:3:      layout_basic, mainiacjoe_overflow_surrounded_room, serial_shops,
          nicolae_shop_statue_plus
D:4:      layout_basic, lemuel_temple_firewalk_b, kennysheep_another_room,
          nicolae_figureground_pulse
D:5:      layout_cave_pools, kennysheep_slug_shrine,
          gammafunk_temple_overflow_wave, gup_sewer_entry_bubbles

Skill      XL: |  1  2  3  4  5  6 |
---------------+-------------------+-----
Dodging        | 3 4 |  4.8
Fighting       | 4 |  4.8
Polearms       | 4 5 |  5.5
Stealth        | 1 |  1.5

Action                     |  1- 3 |  4- 6 |  7- 9 || total
---------------------------+-------+-------+-------++-------
  Melee: Spear             |   113 |   137 |    20 ||   270
         Tailslap          |    12 |    18 |     1 ||    31
         Punch             |     2 |       |       ||     2
 Invoke: Berserk           |     1 |     2 |       ||     3
    Use: Scroll            |     4 |     2 |       ||     6
   Stab: Sleeping          |       |     1 |       ||     1
 Armour: Skin              |    34 |    50 |    21 ||   105
  Dodge: Dodged            |    72 |    91 |    21 ||   184
